Map: Ephemeron LE

Players

Reynor - Winner!

  • Race: Zerg Zerg
  • Spawn Location: 11:00

Impact

  • Race: Zerg Zerg
  • Spawn Location: 5:00

VOD

Have the link to the VOD?

Description

Time

  • Played on: Jan. 6, 2020, 9:11 p.m.
  • Length: 9:37
Show
View Real Time Build Order
Export as new Build Order

Reynor Zerg - Winner!

Build Orders: Hatch First 

Get SALT Encoding   

  12  0:00  Drone  
  13  0:12  Overlord  
  13  0:17  Drone  
  14  0:31  Drone x2  
  16  0:48  Hatchery  
  15  0:52  Drone  
  15  0:55  Drone  
  17  0:59  Drone  
  18  1:09  Extractor  
  17  1:14  Spawning Pool  
  17  1:17  Drone  
  17  1:20  Drone  
  18  1:29  Drone  
  19  1:39  Drone  
  20  1:49  Drone  
  21  2:00  Overlord  
  21  2:01  Zergling x2, Queen x2  
  26  2:10  Drone  
  26  2:11  Drone  
  26  2:13  Metabolic Boost  
  28  2:22  Drone x2  
  30  2:34  Hatchery  
  30  2:36  Drone  
  30  2:41  Drone  
  31  2:44  Drone  
  31  2:49  Baneling Nest  
  31  2:51  Drone  
  31  2:53  Overlord  
  32  2:58  Drone  
  33  3:08  Drone x2  
  33  3:11  Drone  
  33  3:12  Queen  
  38  3:13  Drone  
  38  3:14  Zergling x2  
  38  3:15  Zergling x2  
  38  3:19  Overlord  
  41  3:21  Zergling x2  
  41  3:26  Zergling x2  
  43  3:27  Evolution Chamber  
  43  3:28  Drone  
  43  3:32  Baneling  
  43  3:35  Drone  
  43  3:37  Drone  
  43  3:41  Drone  
  46  3:45  Drone x3  
  46  3:48  Overlord  
  49  3:52  Drone  
  49  3:55  Lair  
  49  4:00  Drone x2  
  49  4:01  Extractor  
  49  4:02  Extractor  
  49  4:04  Drone  
  49  4:06  Drone  
  49  4:07  Roach Warren  
  50  4:10  Drone  
  50  4:13  Zerg Missile Weapons Level 1  
  50  4:14  Drone  
  50  4:15  Drone x2  
  50  4:16  Zergling x2  
  55  4:19  Drone  
  55  4:20  Drone  
  57  4:25  Overlord  
  57  4:27  Drone x2  
  59  4:32  Zergling x4  
  59  4:34  Drone x2  
  59  4:35  Drone x2  
  65  4:38  Drone  
  65  4:42  Overlord  
  65  4:44  Drone x3  
  67  5:03  Roach x3  
  67  5:04  Glial Reconstitution, Roach  
  73  5:07  Zergling x14, Extractor  
  73  5:08  Extractor  
  73  5:09  Overlord  
  73  5:12  Queen  
  80  5:15  Baneling  
  80  5:21  Zergling x6  
  82  5:25  Roach  
  80  5:31  Roach x2, Queen  
  80  5:35  Roach  
  86  5:39  Roach  
  86  5:42  Overlord  
  86  5:43  Nydus Network  
  86  5:45  Baneling x2  
  86  5:47  Roach x2  
  89  5:54  Roach x2  
  88  6:00  Queen x2  
  92  6:05  Roach x2  
  92  6:09  Overlord  
  96  6:13  Overlord  
  96  6:21  Overlord  
  96  6:24  Nydus Canal  
  96  6:25  Baneling  
  96  6:26  Baneling x2  
  96  6:29  Spore Crawler, Overlord  
  96  6:31  Queen, Overlord  
  97  6:37  Overlord  
  97  6:46  Spore Crawler  
  97  6:47  Queen x2  
  96  6:53  Spore Crawler  
  99  6:54  Roach x4  
  99  6:56  Spore Crawler  
  106  7:07  Queen  
  111  7:08  Roach x3  
  111  7:11  Roach  
  115  7:16  Spore Crawler  
  115  7:22  Queen x2  
  114  7:27  Roach x3  
  122  7:34  Spore Crawler  
  122  7:35  Overlord  
  122  7:36  Roach  
  121  7:42  Queen  
  121  7:46  Overlord  
  121  7:56  Drone x4  
  121  7:57  Roach  
  121  7:58  Roach  
  129  8:01  Overlord  
  129  8:04  Queen  
  131  8:09  Spore Crawler, Roach x3  
  131  8:10  Spore Crawler  
  131  8:11  Drone x2  
  135  8:19  Overlord  
  135  8:20  Roach  
  135  8:21  Roach  
  133  8:28  Queen x2  
  133  8:33  Roach x2  
  137  8:39  Roach x2  
  141  8:43  Queen  
  143  8:49  Roach x3  
  135  9:03  Roach x4  
  135  9:04  Roach x2  
  145  9:14  Roach x2  
  141  9:17  Roach x2  
Show
View Real Time Build Order
Export as new Build Order

Impact Zerg 

Build Orders: Hatch First, Muta Ling Bane 

Get SALT Encoding   

  12  0:01  Drone  
  13  0:12  Overlord  
  13  0:17  Drone  
  14  0:31  Drone x2  
  16  0:49  Hatchery  
  15  0:52  Drone  
  15  0:55  Drone  
  17  0:59  Drone  
  18  1:09  Extractor  
  17  1:15  Spawning Pool  
  17  1:17  Drone  
  17  1:21  Drone  
  18  1:28  Drone  
  19  1:39  Drone  
  20  1:50  Drone  
  21  2:01  Drone  
  21  2:02  Queen x2, Overlord  
  26  2:10  Metabolic Boost  
  26  2:12  Drone  
  26  2:14  Drone  
  28  2:22  Zergling x2  
  29  2:23  Zergling x2  
  30  2:33  Drone  
  30  2:34  Drone  
  32  2:42  Hatchery  
  31  2:45  Drone  
  31  2:46  Drone  
  33  2:52  Baneling Nest  
  33  2:57  Drone  
  33  2:58  Zergling x2  
  34  3:05  Overlord  
  34  3:08  Zergling x2  
  34  3:09  Drone  
  36  3:23  Lair  
  36  3:24  Drone x3  
  36  3:25  Extractor  
  36  3:26  Drone  
  39  3:29  Drone  
  39  3:30  Drone  
  41  3:36  Baneling  
  41  3:39  Overlord  
  43  3:43  Drone  
  44  3:49  Evolution Chamber  
  44  3:52  Drone  
  44  3:54  Drone x2  
  46  3:56  Drone x2  
  46  3:57  Drone  
  46  4:00  Drone  
  46  4:01  Queen  
  46  4:02  Drone  
  51  4:06  Drone x2  
  51  4:08  Extractor  
  51  4:09  Extractor  
  51  4:10  Drone  
  52  4:18  Drone  
  52  4:20  Overlord  
  52  4:23  Spire  
  52  4:28  Baneling  
  51  4:32  Baneling  
  51  4:34  Drone x3  
  51  4:35  Zergling x6  
  57  4:40  Baneling x2, Overlord  
  57  4:45  Zergling x6  
  60  4:49  Zergling x6  
  60  4:52  Zergling x4  
  65  5:02  Zergling x10  
  65  5:04  Baneling x2  
  67  5:08  Zergling x2  
  67  5:12  Overlord  
  68  5:15  Baneling  
  68  5:18  Overlord  
  64  5:32  Queen  
  62  5:37  Mutalisk x6  
  62  5:40  Drone x4  
  78  5:43  Extractor  
  78  5:44  Extractor  
  76  5:52  Mutalisk  
  76  5:53  Mutalisk  
  75  5:58  Drone  
  75  5:59  Drone x3  
  75  6:03  Mutalisk  
  79  6:07  Overlord  
  81  6:12  Overlord  
  81  6:13  Mutalisk  
  81  6:14  Zergling x2  
  81  6:15  Zergling x4  
  86  6:19  Drone  
  86  6:20  Drone  
  86  6:23  Centrifical Hooks  
  86  6:25  Mutalisk  
  88  6:32  Mutalisk, Overlord  
  90  6:34  Drone  
  90  6:36  Drone  
  90  6:38  Mutalisk  
  96  6:43  Zergling x6  
  96  6:47  Mutalisk  
  99  6:51  Mutalisk  
  103  6:55  Mutalisk  
  103  6:57  Zergling x2  
  103  6:58  Zergling x6  
  109  7:02  Mutalisk  
  109  7:05  Overlord  
  107  7:10  Mutalisk  
  107  7:14  Zergling x10  
  113  7:19  Overlord x2  
  113  7:26  Mutalisk x2  
  113  7:29  Zergling x6  
  118  7:33  Mutalisk  
  118  7:36  Mutalisk  
  117  7:39  Mutalisk  
  118  7:44  Zergling x2  
  118  7:45  Zergling x8  
  118  7:47  Mutalisk  
  124  7:54  Mutalisk  
  124  7:56  Zergling x6  
  129  8:00  Mutalisk  
  129  8:04  Mutalisk  
  130  8:05  Zergling x2  
  130  8:06  Zergling x4  
  130  8:10  Zergling x8  
  137  8:15  Overlord  
  137  8:18  Baneling  
  137  8:19  Baneling x7  
  135  8:21  Baneling  
  135  8:22  Baneling x3  
  133  8:28  Mutalisk  
  133  8:31  Baneling x2  
  133  8:37  Zergling x14  
  133  8:40  Mutalisk  
  142  8:45  Mutalisk  
  140  8:52  Mutalisk  
  108  9:02  Mutalisk  
  108  9:03  Mutalisk  
  108  9:08  Zergling x2  
  108  9:09  Zergling x18  
Tags
 
Add a new tag
Caveats
  • Supply blocks, unpowered buildings, or Contaminate may cause inaccurate times.
  • Supply counts are checked every 10 seconds.